Map: At Eternity's Edge LE

Players

Hardvision - Winner!

  • Race: Terran Terran
  • League: Grandmaster
  • Spawn Location: 11:00

A.I. 2 (Elite)

  • Race: Protoss Protoss
  • Spawn Location: 5:00

VOD

Have the link to the VOD?

Description

Time

  • Played on: June 25, 2026, 10:35 a.m.
  • Length: 9:58
Show
View Real Time Build Order
Export as new Build Order

Hardvision Terran - Winner!

Build Orders: Reaper Expand 

Get SALT Encoding   

  8  0:00  SCV  
  9  0:12  SCV  
  10  0:24  SCV  
  11  0:36  SCV  
  11  0:39  Supply Depot  
  12  0:49  SCV  
  13  1:01  SCV  
  13  1:02  Barracks  
  14  1:05  Refinery  
  14  1:13  SCV  
  15  1:25  SCV  
  16  1:37  SCV  
  17  1:51  Reaper, Orbital Command  
  18  2:07  Command Center  
  18  2:16  SCV  
  19  2:23  Barracks Reactor  
  19  2:26  Supply Depot  
  19  2:28  SCV  
  20  2:41  SCV  
  21  2:45  Barracks  
  21  2:51  Barracks  
  21  2:54  SCV  
  22  2:59  Marine x2  
  24  3:06  SCV  
  25  3:18  Marine x2, SCV  
  28  3:30  SCV  
  28  3:33  Barracks Tech Lab  
  29  3:34  Engineering Bay  
  29  3:36  Marine x2  
  29  3:38  Orbital Command  
  29  3:40  Barracks Tech Lab  
  31  3:45  SCV  
  32  3:54  Marine x2  
  32  3:55  Stimpack  
  34  3:57  SCV  
  35  4:04  Terran Infantry Weapons Level 1  
  35  4:05  SCV  
  36  4:11  Supply Depot  
  36  4:15  SCV  
  36  4:16  Marine x2  
  39  4:17  SCV  
  39  4:18  Refinery, Combat Shield  
  40  4:26  Marauder  
  42  4:33  SCV x2  
  42  4:35  Marauder  
  46  4:43  Supply Depot  
  46  4:45  Marine x2, SCV x2  
  50  5:04  Supply Depot, Marine x2  
  50  5:05  SCV x2, Marauder x2  
  58  5:07  Supply Depot  
  58  5:17  Factory  
  58  5:25  Marine x2, Refinery, SCV x2  
  58  5:26  Supply Depot, Marauder  
  64  5:33  Marine  
  65  5:37  Concussive Shells, SCV x2  
  67  5:43  Marine x2  
  67  5:46  Supply Depot  
  67  5:49  SCV x2  
  71  5:52  Marine, Marauder  
  73  6:01  Marine, Factory Reactor, Starport, SCV x2  
  76  6:08  Supply Depot  
  76  6:09  Marine  
  77  6:14  SCV  
  77  6:16  Marine  
  77  6:17  Marauder, SCV  
  79  6:21  Marine  
  74  6:26  SCV  
  74  6:27  Marine  
  74  6:28  Barracks  
  74  6:29  SCV  
  74  6:31  Barracks  
  76  6:35  Marauder  
  76  6:38  Marauder  
  80  6:46  Marine x2, Refinery  
  79  6:49  Medivac x2  
  82  6:54  Ghost Academy  
  82  6:55  SCV x2  
  82  6:56  Marauder  
  82  6:59  Terran Infantry Armor Level 1  
  82  7:00  Marine  
  84  7:04  Marine x2  
  84  7:12  Supply Depot  
  84  7:14  Missile Turret  
  81  7:17  Barracks Tech Lab  
  81  7:18  Barracks Reactor  
  82  7:24  Marine  
  82  7:25  Marine  
  82  7:27  Ghost x2  
  89  7:34  Supply Depot x2  
  89  7:38  Ghost  
  89  7:42  Marine x2  
  94  7:52  Medivac  
  94  7:56  Supply Depot  
  94  7:57  Medivac  
  98  7:59  SCV x2  
  98  8:00  Marine x2  
  98  8:04  Command Center  
  102  8:14  SCV x2  
  102  8:15  Marauder, Marine  
  102  8:16  Marine, Marauder x2  
  112  8:20  Supply Depot  
  111  8:32  Marine x2  
  113  8:40  Marine x2, Marauder x2  
  113  8:41  Medivac x2  
  121  8:42  SCV  
  121  8:43  SCV  
  125  9:00  Ghost x2, Marine x2  
  133  9:11  Marine x2, Marauder  
  137  9:19  Supply Depot  
  137  9:20  Supply Depot  
  137  9:25  Marine  
  137  9:29  Marauder  
  137  9:30  Marauder  
  142  9:33  Marauder  
Show
View Real Time Build Order
Export as new Build Order

A.I. 2 (Elite) Protoss 

Build Orders: Zealot Archon 

Get SALT Encoding   

  8  0:00  Probe  
  9  0:13  Probe  
  10  0:25  Probe  
  11  0:37  Probe  
  12  0:47  Pylon  
  12  0:49  Probe  
  13  1:01  Probe  
  13  1:09  Probe  
  13  1:10  Gateway  
  15  1:18  Assimilator  
  15  1:19  Probe  
  16  1:31  Probe  
  17  1:35  Pylon  
  17  1:43  Probe  
  18  1:55  Probe  
  18  2:01  Zealot  
  21  2:02  Cybernetics Core  
  21  2:03  Probe  
  22  2:11  Probe  
  22  2:22  Probe  
  24  2:34  Probe  
  24  2:38  Nexus, Warp Gate  
  24  2:46  Probe  
  24  2:58  Probe  
  25  3:02  Stalker  
  27  3:10  Probe  
  27  3:12  Pylon  
  28  3:22  Probe  
  29  3:27  Gateway  
  29  3:34  Probe  
  29  3:38  Adept  
  29  3:40  Assimilator  
  32  3:43  Probe  
  33  3:50  Probe, Pylon  
  33  3:51  Probe  
  34  4:01  Probe  
  34  4:02  Probe  
  36  4:09  Probe  
  39  4:11  Robotics Facility  
  42  4:17  Probe  
  42  4:18  Probe  
  42  4:19  Adept  
  44  4:27  Adept, Probe  
  44  4:30  Probe  
  46  4:39  Probe  
  46  4:42  Probe  
  46  4:45  Pylon, Adept  
  47  4:51  Probe  
  47  4:52  Immortal  
  50  4:53  Adept  
  50  4:54  Probe  
  57  5:03  Stalker, Probe  
  60  5:08  Probe  
  60  5:09  Pylon  
  61  5:15  Stalker, Probe  
  61  5:20  Probe  
  65  5:24  Robotics Facility  
  65  5:28  Probe, Twilight Council  
  66  5:37  Pylon  
  65  5:51  Assimilator  
  65  5:52  Probe  
  65  5:53  Assimilator  
  65  5:55  Zealot, Probe  
  69  6:00  Pylon, Probe  
  70  6:06  Gateway  
  70  6:07  Probe  
  70  6:09  Probe, Templar Archives  
  71  6:17  Zealot, Probe  
  68  6:19  Zealot, Probe  
  58  6:31  Probe x2  
  51  6:39  Zealot  
  47  6:41  Adept  
  47  6:43  Probe  
  47  6:44  Probe  
  30  6:55  Probe  
  30  6:56  Probe  
  30  7:00  High Templar  
  29  7:01  Stalker  
  29  7:02  Zealot  
  29  7:08  Probe  
  29  7:11  Probe  
  30  7:17  Stalker  
  30  7:20  Probe  
  33  7:23  Probe  
  33  7:24  Sentry  
  36  7:33  Probe, High Templar  
  36  7:35  Adept, Probe  
  42  7:45  Probe  
  42  7:46  Adept  
  42  7:48  Probe  
  42  7:50  Archon  
  46  7:57  High Templar, Probe  
  49  8:02  Probe  
  49  8:03  Stalker  
  52  8:14  Probe  
  52  8:16  High Templar  
  52  8:17  Probe  
  56  8:20  Stalker  
  56  8:26  Probe  
  59  8:27  Observer  
  59  8:29  Probe  
  59  8:33  Archon  
  61  8:38  Probe  
  61  8:40  Zealot  
  42  8:41  High Templar  
  40  8:51  Zealot  
  38  9:02  High Templar  
  31  9:13  Nexus  
  30  9:22  Pylon  
Tags
 
Add a new tag
Caveats
  • Supply blocks, unpowered buildings, or Contaminate may cause inaccurate times.
  • Supply counts are checked every 10 seconds.